 Dungeon Crawl Stone Soup version 0.31-a0-851-g7ff8af7976 (webtiles) character file.

Game seed: 12458774651716637011

340 Flugkiller the Insei (level 6, -1/57 HPs)
             Began as an Octopode Shapeshifter on Oct 6, 2023.
             Was an Initiate of Wu Jian.
             Slain by an orc
             ... wielding a +0 club
              (3 damage)
             ... on level 4 of the Dungeon.
             The game lasted 00:02:58 (2660 turns).

Flugkiller the Insei (Octopode Shapeshifter)        Turns: 2660, Time: 00:02:59

Health: -1/57      AC: 23    Str: 13    XL:     6   Next: 56%
Magic:  6/6        EV:  2    Int: 12    God:    Wu Jian [......]
Gold:   150        SH:  0    Dex: 14    Spells: 5/5 levels left

rFire   . .          .
                       - Unarmed
rCold   + . .        (no shield)
rNeg    . . .        (helmet currently unavailable)
rPois   +            (no amulet)
rElec   .            p - ring of protection from cold
rCorr   .            (no ring)
SInv    .            (no ring)
Will    .....        (no ring)
Stlth   +            (no ring)
HPRegen 0.29/turn    (no ring)
MPRegen 0.10/turn    (no ring)
                     (no ring)

%: no passive effects
@: tree-form (expiring)
A: stationary, stasis, torment immunity, boosted hp, almost no armour,
(amphibious), 8 rings, (camouflage 1), (gelatinous body 1), (nimble swimmer 1),
(tentacles)
a: Renounce Religion


You were on level 4 of the Dungeon.
You worshipped Wu Jian.
Wu Jian was noncommittal.
You were a tree.
You visited 2 branches of the dungeon, and saw 5 of its levels.

You collected 186 gold pieces.
You spent 36 gold pieces at shops.

Inventory:

Jewellery
 p - a ring of protection from cold (left branch)
   (You found it on level 1 of the Dungeon)
Talismans
 b - a beast talisman
 c - a flux talisman
Scrolls
 d - a scroll of vulnerability
 f - a scroll of fog {unknown}
 g - a scroll of fear {unknown}
 h - a scroll of acquirement
 k - a scroll of blinking {unknown}
 l - a scroll of silence {unknown}
 m - a scroll of brand weapon {unknown}
 t - 3 scrolls of teleportation
Potions
 i - a potion of brilliance
 j - a potion of enlightenment {unknown}
 o - a potion of heal wounds {unknown}


   Skills:
 - Level 1.0 Fighting
 - Level 2.0 Dodging
 + Level 7.2 Unarmed Combat
 - Level 3.0 Shapeshifting


You had 5 spell levels left.
You didn't know any spells.
Your spell library was empty.

Dungeon Overview and Level Annotations

Branches:
Dungeon (4/15) Zot: 21402  Temple (1/1) D:4 Zot: 5954

Altars:
Ashenzari
Cheibriados
Dithmenos
Elyvilon
Gozag
Hepliaklqana
Kikubaaqudgha
Makhleb
Nemelex Xobeh
Qazlal
Ru
Sif Muna
Trog
Uskayaw
Vehumet
Wu Jian
Xom
Yredelemnul
Zin
The Shining One

Shops:
D:1 ?


Innate Abilities, Weirdness & Mutations

You are a tree.
Your roots penetrate the ground, keeping you stationary.
You cannot be teleported.
You are immune to unholy pain and torment.
Your maximum health is greatly increased.
You cannot wear most types of armour.
((You are amphibious.))
You can wear up to eight rings at the same time.
((Your skin changes colour to match your surroundings (Stealth+).))
((Your rubbery body absorbs attacks. (AC +1, EV +1)))
((You are camouflaged when in or above water. (Stealth+)))
((You have tentacles for arms and can constrict up to eight enemies at once.))


Message History

Unknown command.
You swing at nothing.
The orc hits you but does no damage. Something hits you but does no damage.
The orc hits you but does no damage.
Unknown command.
You cannot move. (Use ctrl+direction or * direction to attack while stationary and confused.) Unknown command.
You are too confused!
Unknown command.
It was a potion of curing.
You feel better.
q - a potion of curing;
h - a scroll of acquirement The orc hits you but does no damage. x2; Something hits you but does no damage.
The orc hits you but does no damage.
You hit something but do no damage. The orc hits you with a +0 club.
* * * LOW HITPOINT WARNING * * *
The orc hits you but does no damage. Something hits you but does no damage.
The orc hits you but does no damage.
You closely miss something. The orc hits you but does no damage.
The orc barely misses you. Something hits you but does no damage.
The orc barely misses you. The orc hits you but does no damage.
You closely miss something. The orc hits you but does no damage.
The orc barely misses you. The orc hits you but does no damage.
Something hits you but does no damage. The orc hits you but does no damage.
Unknown command.
Okay, then.
You smack the orc!
You kill the orc!
The Council accepts your kill. The orc hits you but does no damage.
You hear some strange, mumbled words.
A puff of flame appears from out of thin air!
The puff of flame hits you!
* * * LOW HITPOINT WARNING * * *
The orc hits you but does no damage. x2
Unknown command.
You feel better.
The ball python bites you but does no damage.
The ball python grabs you. The ball python constricts you.
The ball python completely misses you. The ball python constricts you.
The orc hits you but does no damage. x2
You hear some strange, mumbled words.
A puff of flame appears from out of thin air!
The puff of flame hits you but does no damage.
The orc hits you but does no damage.
You barely miss something.
The ball python bites you but does no damage.
The ball python constricts you.
You miss something. The orc hits you but does no damage.
Something completely misses you. The orc hits you but does no damage. x2
The ball python bites you.
* * * LOW HITPOINT WARNING * * *
The ball python constricts you.
You smack something!
The Council accepts your kill.
Reactivating autopickup.
You feel a bit more experienced. The orc hits you but does no damage.
The orc hits you with a +0 whip.
* * * LOW HITPOINT WARNING * * *
The orc hits you but does no damage.
The ball python bites you but does no damage.
The ball python constricts you.
Unknown command.
You hit the ball python but do no damage.
The orc hits you but does no damage. x2; The orc hits you with a +0 club.
* * * LOW HITPOINT WARNING * * *
The ball python bites you.
* * * LOW HITPOINT WARNING * * *
The ball python constricts you.
Unknown command.
You closely miss the ball python. The ball python completely misses you.
The ball python constricts you. The orc hits you but does no damage. x3
Unknown command.
You closely miss the ball python. The ball python completely misses you.
The ball python constricts you. The orc hits you but does no damage.
The orc hits you with a +0 club.
* * * LOW HITPOINT WARNING * * *
The orc hits you but does no damage.
Unknown command.
You smack the ball python!
You kill the ball python!
The Council accepts your kill. The orc hits you but does no damage. x3
Unknown command.
You smack the orc!
You kill the orc!
The Council accepts your kill.
Your transformation is almost over.
You closely miss the orc.
The orc is lightly wounded.
The orc hits you but does no damage. x2
Unknown command.
You smack the orc!
You kill the orc!
The Council accepts your kill. The orc hits you but does no damage.
Unknown command.
The jackal barks!
You hit the orc but do no damage.
The orc is moderately wounded.
The orc hits you with a +0 club.
You die...

...##...####........<..#
#..##........#.⌠.#...#.#
.....##...#.......#...#
..#?.. #.#...⌠.>.⌠...#...
.###..##...#...h...#.....
...>.....#...#.⌠.#...##..
.........#.........#.# ..
#......).#....#.#...... .
#......)♣..............#.
#......o))<.##.#.#.#.....
#........#.###......#.##.
#........#.# ..
#........#.# #........#
...?....## .#.$.##


You could see an orc and a jackal.

Vanquished Creatures
  Menkaure (D:4)
  An orc priest (D:3)
  Terence (D:2)
  An orc wizard (D:4)
  A gnoll (D:2)
  6 adders
  3 dart slugs
  7 orcs
  8 endoplasms
  2 giant cockroaches
  11 goblins
  2 hobgoblins
  11 jackals
  5 quokkas
  2 ball pythons
  5 bats
  4 frilled lizards
  10 kobolds
  4 rats
85 creatures vanquished.

Notes
Turn   | Place    | Note
-------+----------+-------------------------------------------
     0 | D:1      | Flugkiller the Octopode Shapeshifter began the quest for
                  | the Orb.
     0 | D:1      | Reached XP level 1. HP: 13/13 MP: 1/1
   181 | D:1      | Reached XP level 2. HP: 18/18 MP: 2/2
   312 | D:1      | Reached skill level 4 in Unarmed Combat
   322 | D:1      | Reached XP level 3. HP: 21/23 MP: 3/3
   391 | D:1      | Found Feunop's Magic Scroll Boutique.
   841 | D:1      | Bought a scroll of teleportation for 36 gold pieces
   961 | D:2      | Reached XP level 4. HP: 23/28 MP: 4/4
   973 | D:2      | Reached skill level 5 in Unarmed Combat
  1197 | D:2      | Noticed Terence
  1207 | D:2      | Killed Terence
  1210 | D:2      | Reached XP level 5. HP: 15/33 MP: 5/5
  2018 | D:3      | Reached skill level 6 in Unarmed Combat
  2439 | D:3      | Identified a scroll of acquirement
  2527 | D:4      | Found a staircase to the Ecumenical Temple.
  2541 | Temple   | Entered the Ecumenical Temple
  2564 | Temple   | Became a worshipper of the Wu Jian Council
  2627 | D:4      | Noticed Menkaure
  2637 | D:4      | Killed Menkaure
  2638 | D:4      | Reached skill level 7 in Unarmed Combat
  2638 | D:4      | Reached XP level 6. HP: 5/38 MP: 6/6
  2642 | D:4      | HP: 2/57 [something (1)]
  2648 | D:4      | HP: 2/57 [something/puff of flame (9)]
  2653 | D:4      | HP: 2/57 [ball python (1)]
  2660 | D:4      | Slain by an orc

Illustrated notes

Levels and vault maps discovered:
D:1:      elethiomel_arrival_maze, layout_loops_ring, serial_shops,
          nicolae_square_shop
D:2:      layout_loops_ring, hangedman_glass_teeth, minmay_misc_feat_enclosed,
          minmay_vboxes, uniq_terence
D:3:      layout_loops_cross
D:4:      layout_rooms, minmay_temple_entry_sparse_star,
          kennysheep_generic_room_16, uniq_menkaure, uniq_edmund
Temple:   mainiacjoe_temple_big_plus

Skill      XL: |  1  2  3  4  5 |
---------------+----------------+-----
Unarmed Combat | 4 5 7 |  7.2
Fighting       | |  1.0
Dodging        | |  2.0
Shapeshifting  | |  3.0

Action                     |  1- 3 |  4- 6 || total
---------------------------+-------+-------++-------
  Melee: Unarmed           |    60 |   105 ||   165
         Constrict         |    14 |    19 ||    33
         Tentacles         |     4 |    12 ||    16
         Punch             |     4 |     4 ||     8
Ability: Lunge             |       |     2 ||     2
    Use: Scroll            |       |     5 ||     5
         Potion            |       |     3 ||     3
   Stab: Sleeping          |     8 |     5 ||    13
         Distracted        |       |     1 ||     1
 Armour: Skin              |    15 |   102 ||   117
  Dodge: Dodged            |    27 |    45 ||    72

Table legend: (Time is in decaauts)
 A = Elapsed time spent in this place.
 B = Non-inter-level travel time spent in this place.
 C = Inter-level travel time spent in this place.
 D = Time resting spent in this place.
 E = Time spent auto-exploring this place.
 F = Levels seen in this place.
 G = Mean time per level.
                   A        B        C        D        E       F      G
               +--------+--------+--------+--------+--------+-----+--------+
         Total |   2642 |   2481 |    161 |    263 |   1751 |   5 |  528.4 |
       Dungeon |   2596 |   2474 |    122 |    263 |   1751 |   4 |  649.0 |
        Temple |     45 |      6 |     39 |      0 |      0 |   1 |   45.0 |
               +--------+--------+--------+--------+--------+-----+--------+

Top non-repeatable levels by time:
     D:2: 907 daAuts
     D:1: 844 daAuts
     D:3: 761 daAuts
     D:4: 83 daAuts
  Temple: 45 daAuts
